 Dungeon Crawl Stone Soup version 0.31-a0-187-gba352fbbf7 (webtiles) character file.

Game seed: 16070161440411687654

225 qw the Skirmisher (level 5, 0/30 HPs)
             Began as a Deep Elf Hunter on June 22, 2023.
             Slain by Grinder (3 damage)
             ... on level 5 of the Dungeon.
             The game lasted 00:01:04 (2820 turns).

qw the Skirmisher (Deep Elf Hunter)                 Turns: 2820, Time: 00:01:04

Health: 0/30       AC:  5    Str: 16    XL:     5   Next: 68%
Magic:  7/7        EV: 11    Int: 14    God:
Gold:   101        SH:  0    Dex: 18    Spells: 4/4 levels left

rFire   . . .        Y - +0 hand crossbow
rCold   . . .        (no shield)
rNeg    . . .        g - +0 ring mail
rPois   +            (no helmet)
rElec   .            (no cloak)
rCorr   .            (no gloves)
SInv    .            (no boots)
Will    .....        (no amulet)
Stlth   +            k - +6 ring of strength
HPRegen 0.25/turn    l - ring of poison resistance
MPRegen 0.10/turn

%: no passive effects
@: about to teleport
A: no striking features
a: no special abilities


You were on level 5 of the Dungeon.
You visited 1 branch of the dungeon, and saw 5 of its levels.

You collected 146 gold pieces.
You spent 45 gold pieces at shops.


   Skills:
 - Level 2.0 Fighting
 - Level 9.0 Ranged Weapons
 + Level 2.4 Dodging
 - Level 1.2 Stealth


You had 4 spell levels left.
You didn't know any spells.
Your spell library was empty.

Inventory:

Hand Weapons
 Y - a +0 hand crossbow (weapon)
Armour
 g - a +0 ring mail (worn)
 h - a +3 leather armour of fire resistance
Jewellery
 k - a +6 ring of strength (left hand)
 l - a ring of poison resistance (right hand)
Wands
 j - a wand of digging (7)
Scrolls
 d - a scroll of identify
 i - a scroll of teleportation
 o - a scroll of brand weapon {unknown}
Potions
 a - a potion of invisibility {unknown}
 b - a potion of curing
 c - a potion of enlightenment
 e - 2 potions of heal wounds
 f - a potion of brilliance {unknown}
 m - a potion of might
 n - a potion of cancellation

Dungeon Overview and Level Annotations

Branches:
Dungeon (5/15)             Temple (0/1) D:5

Altars:
Elyvilon
Trog
Zin

Shops:
D:4 (   D:5 *

Annotations:
D:5 Grinder


Message History

You open the door.
There is an open door here.
Found a white marble altar of Elyvilon.
Enter note:
Enter note:
Enter note:
Enter note:
Enter note:
Enter note: Grinder comes into view.
Found a scroll labelled HUOFEN UNECH.
Enter note:
Enter note:
Enter note:
Enter note:
Enter note:
Enter note: You shoot a bolt.
The bolt hits Grinder.
Grinder is lightly wounded.
Grinder gestures at you.
You suddenly lose the ability to move!
Grinder gestures at you. Pain shoots through your body!
Grinder gestures at you.
You shrug off the repeated paralysis!
Grinder hits you.
You can move again.
You shoot a bolt. The bolt barely misses Grinder.
Grinder hits you but does no damage. Grinder barely misses you.
You shoot a bolt. The bolt barely misses Grinder.
Grinder closely misses you.
You shoot a bolt. The bolt hits Grinder!
Grinder is heavily wounded.
Grinder hits you.
You writhe in agony.
Grinder hits you!
You writhe in agony.
2820 ||| READING 2 scrolls of teleportation.
As you read the scroll of teleportation, it crumbles to dust.
You feel strangely unstable.
Grinder says, "Just stop there for a second..."
Grinder hits you.
You die...

........'..........#
........#..........+
........#......<...#
........####'###..## +#
........##...###+####...
##########..............
# #........~~~~~~ #
#.......~~~~~~. #
#......@~~_.... #
#......5~~~~~~. #
#######..~~~~~~
......... # ........? #
#......... # #.........
######## #....#####
.........#


You could see Grinder.

Vanquished Creatures
  A jelly (D:4)
  An iguana (D:4)
  A sleepcap (D:5)
  Ijyb (D:5)
  5 adders
  A worm (D:3)
  5 dart slugs
  An orc (D:4)
  4 ball pythons
  4 bats
  2 endoplasms (D:2)
  4 giant cockroaches
  8 goblins
  5 hobgoblins
  4 quokkas
  3 training dummies (D:4)
  7 frilled lizards
  4 kobolds
  5 rats
66 creatures vanquished.

Notes
Turn   | Place    | Note
-------+----------+-------------------------------------------
     0 | D:1      | qw the Deep Elf Hunter began the quest for the Orb.
     0 | D:1      | Reached XP level 1. HP: 12/12 MP: 3/3
     0 | D:1      | 0 ||| qw: Version: 0.3-a-9-g12657ce
     0 | D:1      | 0 ||| qw: Game counter: 2056
     0 | D:1      | 0 ||| qw: Always use a shield: true
     0 | D:1      | 0 ||| qw: God list: Okawaru
     0 | D:1      | 0 ||| qw: Allow faded altars: false
     0 | D:1      | 0 ||| qw: Do Orc after D:15 true
     0 | D:1      | 0 ||| qw: Do second Lair branch before Depths: true
     0 | D:1      | 0 ||| qw: Lair rune preference: random
     0 | D:1      | 0 ||| qw: Plans: Normal
     0 | D:1      | 0 ||| PLANNING D:1-11
    54 | D:1      | 54 ||| FLEEEEING.
    96 | D:1      | Reached skill level 6 in Ranged Weapons
    96 | D:1      | Reached XP level 2. HP: 11/16 MP: 4/4
   442 | D:1      | Reached XP level 3. HP: 20/20 MP: 5/5
   568 | D:1      | 568 ||| UPGRADING to +6 ring of strength.
   569 | D:1      | 569 ||| UPGRADING to ring of poison resistance.
   570 | D:1      | 570 ||| READING scroll labelled GEGISCH INKUV.
   571 | D:1      | 571 ||| READING 2 scrolls labelled FILE WIGOULI.
   572 | D:1      | 572 ||| READING scroll labelled FIKUJA RUCAOSK.
   573 | D:1      | 573 ||| READING scroll labelled SOAHIM COQU.
   574 | D:1      | 574 ||| READING 2 scrolls labelled XUZIQI FAAFU.
   578 | D:1      | 578 ||| READING scroll labelled FALYNKEHIA.
   579 | D:1      | 579 ||| DRINKING 2 emerald potions.
   580 | D:1      | 580 ||| DROPPING scroll of butterflies.
   581 | D:1      | 581 ||| DROPPING scroll of revelation.
   665 | D:2      | Reached skill level 7 in Ranged Weapons
   863 | D:2      | Reached XP level 4. HP: 25/25 MP: 6/6
   995 | D:2      | 995 ||| UPGRADING to +0 scale mail.
  1005 | D:2      | 1005 ||| DROPPING +0 leather armour.
  1006 | D:2      | 1006 ||| DROPPING ring of magical power.
  1007 | D:2      | 1007 ||| DRINKING 2 amethyst potions.
  1686 | D:3      | Found a bloodstained altar of Trog.
  1731 | D:3      | 1731 ||| UPGRADING to +0 ring mail.
  1741 | D:3      | 1741 ||| DROPPING +0 scale mail.
  1742 | D:3      | 1742 ||| READING scroll labelled YJUEZO PEL.
  1843 | D:3      | 1843 ||| DRINKING 2 dark potions.
  1844 | D:3      | 1844 ||| READING 4 scrolls of identify.
  1844 | D:3      | 1844 ||| IDENTIFYING lumpy black potion
  1845 | D:3      | 1845 ||| READING 3 scrolls of identify.
  1845 | D:3      | 1845 ||| IDENTIFYING sedimented pink potion
  1846 | D:3      | 1846 ||| READING 2 scrolls of identify.
  1846 | D:3      | 1846 ||| IDENTIFYING sedimented ruby potion
  1847 | D:3      | 1847 ||| DROPPING potion of attraction.
  1953 | D:4      | Reached skill level 8 in Ranged Weapons
  2107 | D:4      | Reached XP level 5. HP: 29/29 MP: 7/7
  2266 | D:4      | Found Myngar's Firing Range.
  2277 | D:4      | 2277 ||| BUYING +0 hand crossbow (45 gold).
  2277 | D:4      | Bought a +0 hand crossbow for 45 gold pieces
  2277 | D:4      | 2277 ||| SHOPLISTING +0 triple crossbow (130 gold, have
                  | 75).
  2277 | D:4      | 2277 ||| SWAPPING to +0 hand crossbow.
  2278 | D:4      | 2278 ||| DROPPING +1 shortbow.
  2610 | D:4      | 2610 ||| READING scroll labelled EFOTY COIH.
  2636 | D:5      | Entered Level 5 of the Dungeon
  2636 | D:5      | Found a staircase to the Ecumenical Temple.
  2637 | D:5      | 2637 ||| PLANNING SEWER
  2645 | D:5      | Found Zin's Purification Station.
  2645 | D:5      | Found a glowing silver altar of Zin.
  2648 | D:5      | Noticed Ijyb
  2651 | D:5      | Killed Ijyb
  2652 | D:5      | Reached skill level 9 in Ranged Weapons
  2656 | D:5      | 2656 ||| SHOPLISTING potion of curing (90 gold, have 75).
  2806 | D:5      | Found a white marble altar of Elyvilon.
  2811 | D:5      | Noticed Grinder
  2812 | D:5      | Paralysed by Grinder for 5 turns
  2819 | D:5      | HP: 3/30 [Grinder (5)]
  2820 | D:5      | 2820 ||| READING 2 scrolls of teleportation.
  2820 | D:5      | Slain by Grinder

Levels and vault maps discovered:
D:1:      minmay_arrival_four_loops, layout_rooms, minmay_misc_feat_enclosed
D:2:      layout_rooms, mrwooster_statue_mirror
D:3:      layout_loops_ring, trog_book, serial_glass, glass_columns_b,
          glass_columns_a
D:4:      layout_cave_pods, nicolae_shop_firing_range
D:5:      layout_gridville, ashenzari_altar_1,
          mainiacjoe_overflow_small_starburst,
          lemuel_zombie_altar_kikubaaqudgha, zin_purify,
          mainiacjoe_overflow_catwalk, minmay_temple_entry_statues_pillars,
          portal_sewer_entry_e, minmay_strange_pillars, uniq_ijyb, uniq_grinder

Skill      XL: |  1  2  3  4  5 |
---------------+----------------+-----
Ranged Weapons | 6 7 8 9 |  9.0
Fighting       | 2 |  2.0
Dodging        | |  2.4
Stealth        | |  1.2

Action                     |  1- 3 |  4- 6 || total
---------------------------+-------+-------++-------
   Fire: Shortbow          |    95 |    83 ||   178
         Hand crossbow     |       |    21 ||    21
    Use: Scroll            |     6 |     6 ||    12
         Potion            |     1 |     2 ||     3
 Armour: Leather armour    |     5 |       ||     5
         Scale mail        |       |    10 ||    10
         Ring mail         |       |     8 ||     8
  Dodge: Dodged            |    16 |    39 ||    55

Table legend:
 A = Non-vault XP
 B = Vault XP
 C = Vault XP percentage of total XP
 D = Non-vault monster count
 E = Vault monster count
 F = Vault count percentage of total count
                 A         B        C        D         E       F
            +---------+---------+-------+---------+---------+-------
      Total |     283 |      39 |  12.1 |      62 |       4 |   6.1
            +---------+---------+-------+---------+---------+-------
        D:1 |      44 |       0 |   0.0 |      22 |       0 |   0.0
        D:2 |      53 |       0 |   0.0 |      16 |       0 |   0.0
        D:3 |      48 |       0 |   0.0 |      15 |       0 |   0.0
        D:4 |     100 |       6 |   5.7 |       7 |       3 |  30.0
        D:5 |      38 |      33 |  46.5 |       2 |       1 |  33.3
            +---------+---------+-------+---------+---------+-------
